 Dungeon Crawl Stone Soup version 0.29-a0-1065-g47a6bb87d6 (webtiles) character file.

Game seed: 1514443353277229447

4 siradein the Charlatan (level 1, -1/15 HPs)
             Began as a Demonspawn Artificer on Aug 18, 2022.
             Slain by a hobgoblin (3 damage)
             ... on level 1 of the Dungeon.
             The game lasted 00:00:51 (282 turns).

siradein the Charlatan (Demonspawn Artificer)        Turns: 282, Time: 00:00:51

Health: -1/15      AC:  3    Str: 12    XL:     1   Next: 58%
Magic:  1/1        EV: 11    Int: 12    God:
Gold:   17         SH:  0    Dex: 13    Spells: 0/0 levels left

rFire   . . .      SeeInvis .   g - +0 short sword
rCold   . . .      Faith    .   (no shield)
rNeg    . . .      Spirit   .   b - +0 leather armour
rPois   .          Reflect  .   (no helmet)
rElec   .          Harm     .   (no cloak)
rCorr   .          Rampage  .   (no gloves)
Will    .....                   (no boots)
Stlth   +.........              (no amulet)
HPRegen 0.05/turn               (no ring)
MPRegen 0.07/turn               (no ring)

@: no status effects
A: no striking features
a: no special abilities


You were on level 1 of the Dungeon.
You visited 1 branch of the dungeon, and saw 1 of its levels.

You collected 17 gold pieces.

Inventory:

Hand Weapons
 a - a +0 club
 g - a +0 short sword (weapon)
Armour
 b - a +0 leather armour (worn)
Wands
 c - a wand of flame (15) (quivered)
 d - a wand of charming (15)
 e - a wand of iceblast (5)
Scrolls
 f - a scroll of amnesia {unknown}


   Skills:
 + Level 1.3 Fighting
 - Level 1.7 Armour
 - Level 0.8 Dodging
 - Level 0.8 Stealth
 + Level 3.1 Evocations


You couldn't memorise any spells.
You didn't know any spells.
Your spell library was empty.

Dungeon Overview and Level Annotations

Branches:
Dungeon (1/15)

Altars:


Message History

The giant cockroach bites you but does no damage.
The quokka closely misses you.
You hit the giant cockroach but do no damage.
The giant cockroach closely misses you. The quokka closely misses you.
The giant cockroach bites you but does no damage.
The quokka misses you.
You closely miss the giant cockroach.
A ball python comes into view.
The giant cockroach barely misses you. The quokka bites you.
You are too injured to fight recklessly!
You are too injured to fight recklessly!
You are too injured to fight recklessly!
g - a +0 short sword (weapon)
The giant cockroach misses you. The quokka barely misses you.
The giant cockroach attacks as you move away!
The giant cockroach misses you.
The ball python hisses angrily.
The quokka misses you.
The quokka twitches its whiskers.
The giant cockroach attacks as you move away!
The giant cockroach bites you. x2
The giant cockroach misses you. The quokka bites you.
The quokka barely misses you.
The hobgoblin hits you but does no damage.
The ball python barely misses you. The ball python closely misses you.
The giant cockroach misses you.
The ball python bites you but does no damage.
The ball python grabs you. The ball python constricts you.
The giant cockroach bites you but does no damage.
The ball python bites you.
* * * LOW HITPOINT WARNING * * *
The ball python constricts you.
* * * LOW HITPOINT WARNING * * *
The ball python's grasp on you weakens, but your attempt to escape fails.
The giant cockroach bites you.
* * * LOW HITPOINT WARNING * * *
The hobgoblin closely misses you. The ball python barely misses you.
The ball python constricts you.
You escape the ball python's grasp.
The hobgoblin hits you.
You die...

#....# ######.#### #......#
###......# #........# #.
#.#......### #. #.#........#
#.......##.##.#.######.#
#.......##.##@#.....†..#
#.......#...gB##......#####
#......S#...Sr##............
#....$..#.....#.........####
#.......#.....#............
#.......#.....#...##........
#......†...........###...#..
#..................# ......
########...........# .#...


You could see a quokka, a giant cockroach, a hobgoblin and a ball python.

Vanquished Creatures
  A giant cockroach (D:1)
  2 hobgoblins (D:1)
  A kobold (D:1)
4 creatures vanquished.

Notes
Turn   | Place    | Note
-------+----------+-------------------------------------------
     0 | D:1      | siradein the Demonspawn Artificer began the quest for the
                  | Orb.
     0 | D:1      | Reached XP level 1. HP: 15/15 MP: 1/1
   282 | D:1      | Slain by a hobgoblin

Illustrated notes

Levels and vault maps discovered:
D:1:      wander_arrival_desolate, layout_basic, basic_ecumenical_altar

Action                   || total
-------------------------++-------
Melee: Club              ||    20
Armor: Leather armour    ||     8
Dodge: Dodged            ||    25

Table legend: (Time is in decaauts)
 A = Elapsed time spent in this place.
 B = Non-inter-level travel time spent in this place.
 C = Inter-level travel time spent in this place.
 D = Time resting spent in this place.
 E = Time spent auto-exploring this place.
 F = Levels seen in this place.
 G = Mean time per level.
                   A        B        C        D        E       F      G
               +--------+--------+--------+--------+--------+-----+--------+
         Total |    287 |    287 |      0 |      0 |    238 |   1 |  287.0 |
       Dungeon |    287 |    287 |      0 |      0 |    238 |   1 |  287.0 |
               +--------+--------+--------+--------+--------+-----+--------+

Top non-repeatable levels by time:
     D:1: 287 daAuts
